 Dungeon Crawl Stone Soup version 0.28-a0-895-g6e5f11bd55 (webtiles) character file.

Game seed: 18053275853569632108

367 funkygono the Shield-Bearer (level 6, -6/38 HPs)
             Began as a Gargoyle Fighter on Nov 22, 2021.
             Killed by nerve-wracking pain
             ... invoked by an orc priest
              (7 damage)
             ... on level 4 of the Dungeon.
             The game lasted 00:06:56 (3584 turns).

funkygono the Shield-Bearer (Gargoyle Fighter)      Turns: 3584, Time: 00:06:57

Health: -6/38      AC: 13    Str: 21    XL:     6   Next: 69%
Magic:  6/6        EV: 10    Int:  9    God:
Gold:   128        SH:  4    Dex:  9    Spells: 5/5 levels left

rFire   . . .      SeeInvis .   a - +0 flail
rCold   . . .      Faith    .   c - +0 buckler
rNeg    + . .      Spirit   .   j - +1 scale mail {rPois}
rPois   ∞          Reflect  .   s - +0 helmet
rElec   +          Harm     .   (no cloak)
rCorr   .          Rampage  .   (no gloves)
Will    .....                   (no boots)
Stlth   ..........              n - amulet of regeneration
HPRegen 1.12/turn               (no ring)
MPRegen 0.10/turn               (no ring)

@: no status effects
A: sickness immunity, AC +4, negative energy resistance 1, electricity
resistance, torment resistance 1, petrification resistance
a: no special abilities


You were on level 4 of the Dungeon.
You visited 1 branch of the dungeon, and saw 4 of its levels.

You collected 128 gold pieces.

Inventory:

Hand Weapons
 a - a +0 flail (weapon)
Missiles
 l - 128 stones (quivered)
 o - a throwing net
Armour
 c - a +0 buckler (worn)
 j - a +1 scale mail of poison resistance (worn)
 s - a +0 helmet (worn)
Jewellery
 n - an amulet of regeneration (around neck)
Wands
 d - a wand of iceblast (7)
Scrolls
 f - a scroll of torment {unknown}
 h - 3 scrolls of vulnerability
 t - a scroll of magic mapping
Potions
 b - a potion of curing
 e - a potion of resistance
 g - a potion of might
 k - a potion of haste
 p - a potion of invisibility
 q - a potion of heal wounds
 r - 2 potions of attraction {unknown}
Miscellaneous
 m - a piece from Xom's chessboard (15/15)


   Skills:
 + Level 4.0 Fighting
 + Level 4.1 Maces & Flails
 + Level 1.4 Throwing
 + Level 4.3 Armour
 + Level 1.5 Dodging
 + Level 0.9 Stealth
 + Level 4.5 Shields


You had 5 spell levels left.
You didn't know any spells.
Your spell library contained the following spells:

 Spells                   Type           Power      Damage    Failure   Level
 Slow                     Hex            0%         N/A       71%         1
 Confusing Touch          Hex            0%         N/A       97%         3
 Vampiric Draining        Necr           0%         2d6       97%         3


Dungeon Overview and Level Annotations

Branches:
Dungeon (4/15)
 Temple: D:4-7

Altars:
Wu Jian
Xom

Shops:
D:4 *


Innate Abilities, Weirdness & Mutations

You are immune to sickness and miasma.
Your stone body is resilient. (AC +4)
You are immune to poison.
You resist negative energy. (rN+)
You are resistant to electric shocks. (rElec)
You are resistant to unholy torment.
You are immune to petrification.


Message History

You throw a stone.
The stone hits the orc priest but does no damage.
The orc wizard enters a dispersal trap!
The orc priest blinks! x3; You blink.
An orc priest comes into view. It is wielding a +0 dagger.
The orc wizard blinks!
The orc priest looks encouraged for a moment.
The orc wizard mumbles some strange words.
The orc wizard flickers and vanishes!
Deactivating autopickup; reactivate with Ctrl-A.
The orc priest hits you but does no damage.
You hear some strange, mumbled words.
Something tries to affect you, but you resist.
The orc priest looks satisfied for a moment.
You hear some strange, mumbled words.
Something tries to affect you, but you resist.
The orc priest invokes the aid of Beogh against you.
Beogh smites you!
The orc priest calls down the wrath of Beogh upon you.
Beogh smites you! Something hits you but does no damage.
The orc priest mumbles some strange prayers to Beogh against you.
Something writhes in agony!
Reactivating autopickup.
You feel a bit more experienced.
Things that are here:
a +0 dagger; a +0 robe; an orc corpse You closely miss the orc priest.
You block the orc priest's attack.
You hit the orc priest but do no damage.
You block the orc priest's attack.
The orc priest invokes the aid of Beogh against you.
Beogh smites you!
* * * LOW HITPOINT WARNING * * *
You sock the orc priest!
The orc priest is heavily wounded.
The orc priest mumbles some strange prayers to Beogh against you.
Beogh smites you!
* * * LOW HITPOINT WARNING * * *
The orc priest invokes the aid of Beogh against you.
Pain shoots through your body!
You die...

...# #.......#### ...#
#.....†.'..# ...#
#.......##.############ ...#
#....#...#.#..........# ..)#
#....#.#.#.#..........#####
...#
######.#.......>.o......(..
...# .......o..o.......^(...o
...# #####.#o#..........#####
...# ...#@#..........#
...#############.#..........#
...'........# #.#..........#
...########.####'#..........#
#### #.......[.............#
#.###.................# #.#
#...<.............#
#.###.......###########
#...'.......#


You could see 2 orc priests.

Vanquished Creatures
  A bullfrog skeleton (D:4)
  A gnoll shaman (D:4)
  Ijyb (D:3)
  Terence (D:2)
  2 iguanas (D:4)
  5 gnolls (D:4)
  5 adders
  An adder skeleton (D:4)
  3 worms
  3 dart slugs
  2 orcs
  7 endoplasms
  2 giant cockroaches
  8 goblins
  12 hobgoblins
  7 kobolds
  4 quokkas
  10 ball pythons
  3 bats
  5 frilled lizards
  7 rats
90 creatures vanquished.

Vanquished Creatures (others)
  An orc wizard (D:4)
1 creature vanquished.

Grand Total: 91 creatures vanquished

Notes
Turn   | Place    | Note
-------+----------+-------------------------------------------
     0 | D:1      | funkygono the Gargoyle Fighter began the quest for the Orb.
     0 | D:1      | Reached XP level 1. HP: 14/14 MP: 1/1
   160 | D:1      | Reached XP level 2. HP: 19/19 MP: 2/2
   460 | D:1      | Reached XP level 3. HP: 23/23 MP: 3/3
  1589 | D:2      | Noticed Terence
  1598 | D:2      | Killed Terence
  1599 | D:2      | Reached XP level 4. HP: 29/29 MP: 4/4
  1640 | D:2      | Found a faded altar of an unknown god.
  1699 | D:2      | Reached skill level 1 in Dodging
  1993 | D:3      | Found a shimmering altar of Xom.
  2073 | D:3      | Found an ornate altar of the Wu Jian Council.
  2142 | D:3      | Noticed Ijyb
  2167 | D:3      | Killed Ijyb
  2168 | D:3      | Reached XP level 5. HP: 27/33 MP: 5/5
  2939 | D:4      | Found Noar's Assorted Antiques.
  3301 | D:4      | Reached XP level 6. HP: 38/38 MP: 6/6
  3484 | D:4      | Reached skill level 1 in Throwing
  3584 | D:4      | HP: 1/38 [orc priest/divine providence (10)]
  3584 | D:4      | Killed from afar by an orc priest

Illustrated notes

Levels and vault maps discovered:
D:1:      mrwooster_arrival_arrow, layout_rooms
D:2:      minmay_door_path, layout_basic, shapermc_ecumenical_altar_venn,
          serial_aquarium, aquarium_bridge_square [aquarium_subvault_window,
          aquarium_subvault_wall, aquarium_subvault_wall,
          aquarium_subvault_bridge], aquarium_window_corridor_3,
          aquarium_window_fake, aquarium_view_4, aquarium_balcony_5b,
          aquarium_pool_double, uniq_terence
D:3:      minmay_diamond_boxcup, layout_loops_cross, xom_butterflies,
          nicolae_wu_jian_immortal_techniques, uniq_ijyb
D:4:      layout_basic, nzn_hepliaklqana_mist_gate, kennysheep_windowed_goal

Skill      XL: |  1  2  3  4  5  6 |
---------------+-------------------+-----
Maces & Flails | 3 4 |  4.1
Dodging        | 1 |  1.5
Armour         | 4 |  4.3
Shields        | 4 |  4.5
Fighting       | 4 |  4.0
Throwing       | 1 |  1.4
Stealth        | |  0.9

Action                   |  1- 3 |  4- 6 || total
-------------------------+-------+-------++-------
Melee: Flail             |   153 |   202 ||   355
Throw: Stone             |     9 |     4 ||    13
       Dart              |     1 |    40 ||    41
Evoke: Wand              |       |     1 ||     1
  Use: Scroll            |     4 |     6 ||    10
       Potion            |       |     2 ||     2
Armor: Scale mail        |    84 |    90 ||   174
Dodge: Dodged            |    92 |   111 ||   203
Block: Buckler           |    42 |    43 ||    85

Table legend: (Time is in decaauts)
 A = Elapsed time spent in this place.
 B = Non-inter-level travel time spent in this place.
 C = Inter-level travel time spent in this place.
 D = Time resting spent in this place.
 E = Time spent auto-exploring this place.
 F = Levels seen in this place.
 G = Mean time per level.
                   A        B        C        D        E       F      G
               +--------+--------+--------+--------+--------+-----+--------+
         Total |   3671 |   3583 |     88 |      0 |   2547 |   4 |  917.8 |
       Dungeon |   3671 |   3583 |     88 |      0 |   2547 |   4 |  917.8 |
               +--------+--------+--------+--------+--------+-----+--------+

Top non-repeatable levels by time:
     D:2: 1160 daAuts
     D:3: 1008 daAuts
     D:1: 832 daAuts
     D:4: 670 daAuts
